 Dungeon Crawl Stone Soup version 0.30.0-10-gfe55d96785 (webtiles) character file.

Game seed: 7873263682495347585

113 monsoonserge the Shield-Bearer (level 5, 0/46 HPs)
             Began as a Meteoran Fighter on May 15, 2023.
             Slain by an ogre
             ... wielding a +0 giant club
              (7 damage)
             ... on level 4 of the Dungeon.
             The game lasted 00:04:07 (697 turns).

monsoonserge the Shield-Bearer (Meteoran Fighter)    Turns: 697, Time: 00:04:07

Health: 0/46       AC:  8    Str: 20    XL:     5   Next: 41%
Magic:  6/6        EV:  9    Int:  9    God:
Gold:   98         SH:  5    Dex: 13    Spells: 4/4 levels left

rFire   . . .        k - +2 mace (venom)
rCold   . . .        c - +0 buckler
rNeg    . . .        b - +0 scale mail
rPois   .            f - +0 helmet
rElec   .            (no cloak)
rCorr   .            (no gloves)
SInv    .            (no boots)
Will    .....        (no amulet) Stlth
                     (no ring)
HPRegen 0.27/turn    (no ring)
MPRegen 0.10/turn

%: no passive effects
@: glowing
A: sense surroundings 1, otherworldly, glowing, explore regen
a: no special abilities


You were on level 4 of the Dungeon.
You visited 1 branch of the dungeon, and saw 4 of its levels.

You collected 98 gold pieces.

Inventory:

Hand Weapons
 a - a +0 flail
 k - a +2 mace of venom (weapon)
Armour
 b - a +0 scale mail (worn)
 c - a +0 buckler (worn)
 f - a +0 helmet (worn)
Wands
 o - a wand of quicksilver (13)
Scrolls
 e - a scroll of teleportation {unknown}
 g - 3 scrolls of identify {unknown}
 j - 2 scrolls of enchant weapon {unknown}
 p - a scroll of vulnerability {unknown}
 q - a scroll of amnesia {unknown}
Potions
 d - a potion of might
 h - a potion of flight {unknown}
 i - a potion of degeneration {unknown}
 l - a potion of lignification {unknown}
 m - 4 potions of curing {unknown}
 n - a potion of heal wounds {unknown}


   Skills:
 + Level 3.7 Fighting
 + Level 4.1 Maces & Flails
 + Level 4.3 Armour
 + Level 0.3 Dodging
 + Level 4.3 Shields
 - Level 2.0 Evocations


You had 4 spell levels left.
You didn't know any spells.
Your spell library contained the following spells:

 Spells                   Type           Power      Damage    Failure   Level
 Ensorcelled Hibernation  Hex/Ice        0%         N/A       91%         2
 Passwall                 Tmut/Erth      0%         N/A       91%         2
 Swiftness                Air            0%         N/A       99%         3


Dungeon Overview and Level Annotations

Branches:
Dungeon (4/15) Zot: 1674
 Temple: D:4-7

Altars:
Sif Muna

Portals:
Ossuary: D:4

Annotations:
D:4 Pikel


Innate Abilities, Weirdness & Mutations

You passively map a small area around you.
You are easily found by Zot.
You glow in the dark.
You regain HP and MP as you explore.


Message History

The iguana hisses angrily.
You hear a shout!
An orc comes into view. It is wielding a +0 club.
The orc shouts!
You hear a shout! x2
An ogre comes into view. It is wielding a +0 giant club.
The ogre shouts!
You sock the orc!
You kill the orc!
A lemure comes into view.
The lemure shouts!
You hit the iguana.
The iguana is poisoned.
The iguana is moderately wounded.
Pikel, Merchant of Souls comes into view.
He is wielding a +1 whip of freezing.
The iguana completely misses you. The iguana bites you!
Pikel shouts!
You sock the iguana!
The iguana is almost dead.
The iguana bites you but does no damage.
You block the ogre's attack.
A lemure comes into view.
You hit the iguana but do no damage.
The iguana looks as sick as possible!
The iguana is almost dead.
You kill the iguana!
The ogre hits you with a +0 giant club!
* * * LOW HITPOINT WARNING * * *
Your Maces & Flails skill increases to level 4!
Unknown command.
Press: ? - help, v - describe, . - travel
Here: an ogre, wielding a +0 giant club The floor.
You hit the ogre.
The ogre is poisoned.
The ogre is lightly wounded.
You sock the ogre!
The ogre looks as sick as possible!
The ogre is severely wounded.
The ogre hits you with a +0 giant club!
* * * LOW HITPOINT WARNING * * *
Unknown command.
You hit the ogre but do no damage.
The ogre looks as sick as possible!
The ogre is severely wounded.
The lemure barely misses you. The ogre hits you with a +0 giant club!
You die...

* * * , , ,, * , , ,.. ,
,,. #.## * .., ,, ..
...# # ... , ..##### ,
,#..# # ...,
..........###..## ...)
...###..##. #...
#.<#.###....#.##.∩ ##..
,
#...K5@.....#..##.##...
,
....5.O..........##'....
...#..............#.....
. #####...#..#.#.......
###.........#..## ,
#########..##.......## ,
, ......................
####................# ,
* #............###.#


You could see Pikel, an ogre (extremely poisoned) and 2 lemures.

Vanquished Creatures
  An iguana (D:4)
  A sleepcap (D:4)
  An orc wizard (D:4)
  A dart slug (D:1)
  5 orcs
  6 ball pythons
  An endoplasm (D:1)
  3 giant cockroaches
  5 goblins
  A hobgoblin (D:1)
  A kobold (D:4)
  2 bats (D:1)
28 creatures vanquished.

Notes
Turn   | Place    | Note
-------+----------+-------------------------------------------
     0 | D:1      | monsoonserge the Meteoran Fighter began the quest for the
                  | Orb.
     0 | D:1      | Reached XP level 1. HP: 19/19 MP: 2/2
   214 | D:2      | Reached XP level 2. HP: 26/26 MP: 3/3
   397 | D:1      | Reached XP level 3. HP: 31/31 MP: 4/4
   551 | D:2      | You fall into a shaft and drop 1 floor!
   597 | D:3      | Found a shimmering blue altar of Sif Muna.
   630 | D:4      | Reached skill level 1 in Evocations
   630 | D:4      | Reached XP level 4. HP: 19/39 MP: 5/5
   651 | D:4      | Found a sand-covered staircase.
   673 | D:4      | Reached XP level 5. HP: 23/46 MP: 6/6
   689 | D:4      | Noticed an ogre
   691 | D:4      | Noticed a lemure
   692 | D:4      | Noticed Pikel
   693 | D:4      | Noticed a lemure
   697 | D:4      | Slain by an ogre

Illustrated notes

Levels and vault maps discovered:
D:1:      sevenhm_arrival_forest_fort_small_4, layout_loops_ring
D:2:      layout_loops_ring, minmay_goblin_outpost
D:3:      layout_loops_corners, amcnicky_altar_gilded,
          beargit_hepliaklqana_dungeon_heroes
D:4:      layout_rooms, marbit_many_paths, enter_ossuary_5,
          chequers_serial_rivers_marsh, kennysheep_dice, uniq_pikel

Skill      XL: |  1  2  3  4  5 |
---------------+----------------+-----
Shields        | 4 |  4.3
Maces & Flails | 3 4 |  4.1
Armour         | 4 |  4.3
Evocations     | 1 2 |  2.0
Fighting       | |  3.7
Dodging        | |  0.3

Action                     |  1- 3 |  4- 6 || total
---------------------------+-------+-------++-------
  Melee: Flail             |    34 |       ||    34
         Mace              |    30 |    18 ||    48
 Armour: Scale mail        |    31 |     5 ||    36
  Dodge: Dodged            |    25 |     3 ||    28
  Block: Buckler           |    16 |     3 ||    19
